| TOP OF THE 1ST |
|
Houston Astros batting - Pitching for California Angels : RHP Danny White
|
|
Pitching: RHP Danny White
|
|
|
Batting: RHB Jesse Scott
|
0-0: Ball 1-0: Fly out, F8 (Flyball, 89S, EV 90.6 MPH)
|
|
Batting: LHB Eric Katz
|
0-0: Foul Ball, location: 2F 0-1: Fly out, F8 (Flyball, 8LM, EV 90.0 MPH)
|
|
Batting: SHB Jason Woods
|
0-0: Called Strike 0-1: Foul Ball, location: 2F 0-2: Ball 1-2: Ball 2-2: Ball 3-2: Strikes out swinging
|
| Top of the 1st over - 0 runs, 0 hits, 0 errors, 0 left on base; Houston 0 - California 0 |
| BOTTOM OF THE 1ST |
|
California Angels batting - Pitching for Houston Astros : LHP Mat Pear
|
|
Pitching: LHP Mat Pear
|
|
|
Batting: RHB Bjoern Waltersson
|
0-0: Called Strike 0-1: Foul Ball, location: 2F 0-2: Strikes out swinging
|
|
Batting: RHB Nick Dunn
|
0-0: Ball 1-0: Ball 2-0: Foul Ball, location: 2F 2-1: Foul Ball, location: 2F 2-2: Strikes out swinging
|
|
Batting: LHB Rusty Ney
|
0-0: Ball 1-0: Ground out 6-3 (Groundball, 6M, EV 82.5 MPH)
|
| Bottom of the 1st over - 0 runs, 0 hits, 0 errors, 0 left on base; Houston 0 - California 0 |
| TOP OF THE 2ND |
|
Houston Astros batting - Pitching for California Angels : RHP Danny White
|
|
Batting: LHB Jack Christie
|
0-0: Called Strike 0-1: Foul Ball, location: 2F 0-2: Ball 1-2: Foul Ball, location: 2F 1-2: Foul Ball, location: 2F 1-2: Ball 2-2: Ball 3-2: Base on Balls
|
|
Batting: SHB Joe Gardner
|
0-0: Foul Ball, location: 2F 0-1: Foul Ball, location: 2F 0-2: Ball 1-2: Ball 2-2: Ball 3-2: Foul Ball, location: 2F 3-2: Foul Ball, location: 2F 3-2: Fly out, F8 (Flyball, 8LD, EV 108.1 MPH)
|
|
Batting: RHB Jeremy Trump
|
0-0: Called Strike 0-1: Called Strike 0-2: Ball 1-2: Strikes out swinging
|
|
Batting: SHB Rich Chavez
|
0-0: Ball 1-0: Called Strike 1-1: Called Strike 1-2: Ball 2-2: Fly out, F7 (Flyball, 7, EV 98.8 MPH)
|
| Top of the 2nd over - 0 runs, 0 hits, 0 errors, 1 left on base; Houston 0 - California 0 |
| BOTTOM OF THE 2ND |
|
California Angels batting - Pitching for Houston Astros : LHP Mat Pear
|
|
Batting: RHB Preston Deakyne
|
0-0: Ball 1-0: Foul Ball, location: 2F 1-1: Foul Ball, location: 2F 1-2: Ball 2-2: Ball 3-2: Fly out, F9 (Line Drive, 89M, EV 90.6 MPH)
|
|
Batting: RHB Alain Delhaye
|
0-0: Fly out, F9 (Line Drive, 9, EV 103.8 MPH)
|
|
Batting: RHB Ruben Velasco
|
0-0: Called Strike 0-1: Ball 1-1: Foul Ball, location: 2F 1-2: Ball 2-2: Strikes out looking
|
| Bottom of the 2nd over - 0 runs, 0 hits, 0 errors, 0 left on base; Houston 0 - California 0 |
| TOP OF THE 3RD |
|
Houston Astros batting - Pitching for California Angels : RHP Danny White
|
|
Batting: RHB Eric Chotkowski
|
0-0: Ball 1-0: Called Strike 1-1: Ball 2-1: Foul Ball, location: 2F 2-2: SOLO HOME RUN (Flyball, 89XD, EV 99.4 MPH), Distance : 380 ft
|
|
Batting: RHB Mark Marks
|
0-0: Ball 1-0: Called Strike 1-1: Fly out, F8 (Line Drive, 8RM, EV 103.1 MPH)
|
|
Batting: RHB Jesse Scott
|
0-0: Ball 1-0: Ball 2-0: Ball 3-0: Called Strike 3-1: Base on Balls
|
|
Batting: LHB Eric Katz
|
0-0: Fielders Choice at 2nd, 1-6 (Groundball, 13, EV 56.9 MPH)
|
|
Batting: SHB Jason Woods
|
0-0: Ball 1-0: Called Strike 1-1: Foul Ball, location: 2F 1-2: Ball 2-2: Ball 3-2: Base on Balls Eric Katz to second
|
|
Batting: LHB Jack Christie
|
0-0: Called Strike 0-1: Swinging Strike 0-2: Strikes out looking
|
| Top of the 3rd over - 1 run, 1 hit, 0 errors, 2 left on base; Houston 1 - California 0 |
| BOTTOM OF THE 3RD |
|
California Angels batting - Pitching for Houston Astros : LHP Mat Pear
|
|
Batting: RHB Mike Harkins
|
0-0: Called Strike 0-1: Ground out 2-3 (Groundball, 2L, EV 68.8 MPH)
|
|
Batting: RHB Avery Maxwell
|
0-0: Bunt for hit to 5S - play at first, batter OUT! 5-3
|
|
Batting: RHB Luis Romero
|
0-0: Ball 1-0: Foul Ball, location: 2F 1-1: Fly out, F9 (Flyball, 89M, EV 95.0 MPH)
|
| Bottom of the 3rd over - 0 runs, 0 hits, 0 errors, 0 left on base; Houston 1 - California 0 |
| TOP OF THE 4TH |
|
Houston Astros batting - Pitching for California Angels : RHP Danny White
|
|
Batting: SHB Joe Gardner
|
0-0: Ball 1-0: Swinging Strike 1-1: Called Strike 1-2: Foul Ball, location: 2F 1-2: Ball 2-2: Ball 3-2: Base on Balls
|
|
Batting: RHB Jeremy Trump
|
0-0: Ball 1-0: Grounds into double play, 4-6-3 (Groundball, 4, EV 95.6 MPH)
|
|
Batting: SHB Rich Chavez
|
0-0: Ground out 1-4-3 (Groundball, 15S, EV 98.8 MPH)
|
| Top of the 4th over - 0 runs, 0 hits, 0 errors, 0 left on base; Houston 1 - California 0 |
| BOTTOM OF THE 4TH |
|
California Angels batting - Pitching for Houston Astros : LHP Mat Pear
|
|
Batting: RHB Bjoern Waltersson
|
0-0: Swinging Strike 0-1: Ground out 4-3 (Groundball, 34, EV 92.5 MPH)
|
|
Batting: RHB Nick Dunn
|
0-0: Ball 1-0: Foul Ball, location: 2F 1-1: Ball 2-1: Foul Ball, location: 2F 2-2: Ball 3-2: Foul Ball, location: 2F 3-2: Ground out 6-3 (Groundball, 6, EV 86.2 MPH)
|
|
Batting: LHB Rusty Ney
|
0-0: Ball 1-0: Foul Ball, location: 2F 1-1: Swinging Strike 1-2: Foul Ball, location: 2F 1-2: Ball 2-2: Foul Ball, location: 2F 2-2: Ball 3-2: Strikes out swinging
|
| Bottom of the 4th over - 0 runs, 0 hits, 0 errors, 0 left on base; Houston 1 - California 0 |
| TOP OF THE 5TH |
|
Houston Astros batting - Pitching for California Angels : RHP Danny White
|
|
Batting: RHB Eric Chotkowski
|
0-0: Called Strike 0-1: Ball 1-1: Fly out, F4 (Popup, 23, EV 68.8 MPH)
|
|
Batting: RHB Mark Marks
|
0-0: Ball 1-0: Ball 2-0: DOUBLE (Flyball, 8LXD, EV 106.9 MPH)
|
|
Batting: RHB Jesse Scott
|
0-0: Ball 1-0: Fly out, F7 (Flyball, 7, EV 85.6 MPH)
|
|
Batting: LHB Eric Katz
|
0-0: Called Strike 0-1: Ball 1-1: SINGLE (Groundball, 6D, EV 109.4 MPH) Mark Marks to third Runner from 3rd tries for Home, SAFE, throw by CF to home
|
|
Batting: SHB Jason Woods
|
0-0: Called Strike 0-1: Ball Eric Katz is caught stealing 2nd base 2-6
|
| Top of the 5th over - 1 run, 2 hits, 0 errors, 0 left on base; Houston 2 - California 0 |
| BOTTOM OF THE 5TH |
|
California Angels batting - Pitching for Houston Astros : LHP Mat Pear
|
|
Batting: RHB Preston Deakyne
|
0-0: Ball 1-0: Ball 2-0: Called Strike 2-1: Ball 3-1: Base on Balls
|
|
Batting: RHB Alain Delhaye
|
0-0: Called Strike 0-1: Called Strike 0-2: Strikes out swinging
|
|
Batting: RHB Ruben Velasco
|
0-0: Foul Ball, location: 2F 0-1: Grounds into double play, 4-6-3 (Groundball, 4, EV 81.2 MPH)
|
| Bottom of the 5th over - 0 runs, 0 hits, 0 errors, 0 left on base; Houston 2 - California 0 |
| TOP OF THE 6TH |
|
Houston Astros batting - Pitching for California Angels : RHP Danny White
|
|
Batting: SHB Jason Woods
|
0-0: Ball 1-0: Foul Ball, location: 2F 1-1: Foul Ball, location: 2F 1-2: Fly out, F9 (Line Drive, 9LM, EV 90.6 MPH)
|
|
Batting: LHB Jack Christie
|
0-0: Ball 1-0: Ball 2-0: Called Strike 2-1: Ball 3-1: Foul Ball, location: 2F 3-2: Base on Balls
|
|
Batting: SHB Joe Gardner
|
0-0: Ball 1-0: Swinging Strike 1-1: Foul Ball, location: 2F 1-2: Ball 2-2: Ball 3-2: Foul Ball, location: 2F 3-2: SINGLE (Flyball, 4D, EV 89.4 MPH) Jack Christie to second
|
|
Batting: RHB Jeremy Trump
|
0-0: Ball 1-0: Foul Ball, location: 2F 1-1: Swinging Strike 1-2: Strikes out swinging
|
|
Pitching: LHP Trevor Sharp
|
|
|
Batting: SHB Rich Chavez
|
0-0: Ball 1-0: Called Strike 1-1: Ball 2-1: Foul Ball, location: 2F 2-2: Foul Ball, location: 2F 2-2: Fly out, F7 (Flyball, 7, EV 90.0 MPH)
|
| Top of the 6th over - 0 runs, 1 hit, 0 errors, 2 left on base; Houston 2 - California 0 |
| BOTTOM OF THE 6TH |
|
California Angels batting - Pitching for Houston Astros : LHP Mat Pear
|
|
Batting: RHB Mike Harkins
|
0-0: Ball 1-0: Ball 2-0: Ball 3-0: Called Strike 3-1: Base on Balls
|
|
Batting: RHB Avery Maxwell
|
0-0: Ball 1-0: Called Strike 1-1: Swinging Strike 1-2: Ball 2-2: Strikes out looking
|
|
Batting: RHB Luis Romero
|
0-0: Fly out, F7 (Line Drive, 7LS, EV 95.6 MPH)
|
|
Batting: RHB Bjoern Waltersson
|
0-0: Ball 1-0: Ball 2-0: Foul Ball, location: 2F 2-1: SINGLE (Groundball, P, EV 92.5 MPH) (infield hit) Mike Harkins to second
|
|
Batting: RHB Nick Dunn
|
0-0: Ball 1-0: Ground out 6-3 (Groundball, 6MS, EV 73.8 MPH)
|
| Bottom of the 6th over - 0 runs, 1 hit, 0 errors, 2 left on base; Houston 2 - California 0 |
| TOP OF THE 7TH |
|
Houston Astros batting - Pitching for California Angels : LHP Trevor Sharp
|
|
Batting: RHB Eric Chotkowski
|
0-0: Called Strike 0-1: Ground out 4-3 (Groundball, 4, EV 81.2 MPH)
|
|
Batting: RHB Mark Marks
|
0-0: Ball 1-0: Ball 2-0: Fly out, F9 (Flyball, 9, EV 85.6 MPH)
|
|
Batting: RHB Jesse Scott
|
0-0: Called Strike 0-1: Ball 1-1: Ball 2-1: Ball 3-1: Fly out, F7 (Flyball, 7LS, EV 90.0 MPH)
|
| Top of the 7th over - 0 runs, 0 hits, 0 errors, 0 left on base; Houston 2 - California 0 |
| BOTTOM OF THE 7TH |
|
California Angels batting - Pitching for Houston Astros : LHP Mat Pear
|
|
Batting: LHB Rusty Ney
|
0-0: Called Strike 0-1: Called Strike 0-2: Ball 1-2: Ground out 3-1 (Groundball, 34S, EV 83.8 MPH)
|
|
Batting: RHB Preston Deakyne
|
0-0: Foul Ball, location: 2F 0-1: Called Strike 0-2: Ball 1-2: Strikes out swinging
|
|
Batting: RHB Alain Delhaye
|
0-0: Ball 1-0: Ball 2-0: Ball 3-0: Called Strike 3-1: Foul Ball, location: 2F 3-2: SINGLE (Line Drive, 7S, EV 88.8 MPH)
|
|
Batting: RHB Ruben Velasco
|
0-0: Foul Ball, location: 2F 0-1: Foul Ball, location: 2F 0-2: Ball 1-2: Strikes out swinging
|
| Bottom of the 7th over - 0 runs, 1 hit, 0 errors, 1 left on base; Houston 2 - California 0 |
| TOP OF THE 8TH |
|
Houston Astros batting - Pitching for California Angels : LHP Trevor Sharp
|
|
Pitching: RHP Kyle Ehret
|
|
|
Batting: LHB Eric Katz
|
0-0: Called Strike 0-1: Swinging Strike 0-2: Ball 1-2: Ball 2-2: Strikes out swinging
|
|
Batting: SHB Jason Woods
|
0-0: Swinging Strike 0-1: Called Strike 0-2: Strikes out swinging
|
|
Batting: LHB Jack Christie
|
0-0: Called Strike 0-1: Ball 1-1: Swinging Strike 1-2: Strikes out looking
|
| Top of the 8th over - 0 runs, 0 hits, 0 errors, 0 left on base; Houston 2 - California 0 |
| BOTTOM OF THE 8TH |
|
California Angels batting - Pitching for Houston Astros : LHP Mat Pear
|
|
Batting: RHB Mike Harkins
|
0-0: Foul Ball, location: 2F 0-1: Foul Ball, location: 2F 0-2: Fly out, F8 (Flyball, 78M, EV 85.0 MPH)
|
|
Batting: RHB Avery Maxwell
|
0-0: Swinging Strike 0-1: Ball 1-1: Swinging Strike 1-2: Ball 2-2: Fly out, F9 (Flyball, 89M, EV 89.4 MPH)
|
|
Batting: RHB Luis Romero
|
0-0: Ball 1-0: Called Strike 1-1: Called Strike 1-2: Ball 2-2: Strikes out looking
|
| Bottom of the 8th over - 0 runs, 0 hits, 0 errors, 0 left on base; Houston 2 - California 0 |
| TOP OF THE 9TH |
|
Houston Astros batting - Pitching for California Angels : RHP Kyle Ehret
|
|
Pitching: LHP Riichi Yamashita
|
|
|
Batting: SHB Joe Gardner
|
0-0: Ball 1-0: DOUBLE (Flyball, 8RXD, EV 105.6 MPH)
|
|
Batting: RHB Jeremy Trump
|
0-0: Intentional Walk
|
|
Batting: SHB Rich Chavez
|
0-0: Called Strike 0-1: Ball 1-1: Swinging Strike 1-2: SINGLE (Flyball, 8RS, EV 96.2 MPH) Joe Gardner to third Jeremy Trump to second
|
|
Batting: RHB Eric Chotkowski
|
0-0: Ball 1-0: SINGLE (Line Drive, 89S, EV 87.5 MPH) Joe Gardner scores Jeremy Trump to third Rich Chavez to second
|
|
Batting: RHB Mark Marks
|
0-0: Called Strike 0-1: Called Strike 0-2: Grounds into fielders choice 6-2 (Groundball, 56S, EV 68.1 MPH) Rich Chavez to third Eric Chotkowski to second
|
|
Batting: RHB Jesse Scott
|
0-0: Called Strike 0-1: Foul Ball, location: 2F 0-2: Foul Ball, location: 2F 0-2: Foul Ball, location: 2F 0-2: Ball 1-2: Grounds into fielders choice 5-2 (Groundball, 5, EV 88.1 MPH) Eric Chotkowski to third Mark Marks to second
|
|
Batting: LHB Eric Katz
|
0-0: Swinging Strike 0-1: Called Strike 0-2: Ball 1-2: Ball 2-2: Foul Ball, location: 2F 2-2: GRAND SLAM HOME RUN (Flyball, 89XD, EV 99.4 MPH), Distance : 417 ft
|
|
Pitching: LHP Steve Cooper
|
|
|
Batting: SHB Jason Woods
|
0-0: Called Strike 0-1: Swinging Strike 0-2: Ball 1-2: Foul Ball, location: 2F 1-2: Foul Ball, location: 2F 1-2: Foul Ball, location: 2F 1-2: Strikes out swinging
|
| Top of the 9th over - 5 runs, 4 hits, 0 errors, 0 left on base; Houston 7 - California 0 |
| BOTTOM OF THE 9TH |
|
California Angels batting - Pitching for Houston Astros : LHP Mat Pear
|
|
Batting: RHB Bjoern Waltersson
|
0-0: Ball 1-0: Foul Ball, location: 2F 1-1: Ball 2-1: Ball 3-1: DOUBLE (Groundball, 5L, EV 110.6 MPH)
|
|
Pitching: RHP Aaron Shapiro
|
|
|
Batting: RHB Nick Dunn
|
0-0: SINGLE (Line Drive, 8LS, EV 113.8 MPH) Bjoern Waltersson to third
|
|
Batting: LHB Rusty Ney
|
0-0: Ball 1-0: Ball 2-0: Called Strike 2-1: Ball 3-1: Swinging Strike 3-2: Foul Ball, location: 2F 3-2: Foul Ball, location: 2F 3-2: Foul Ball, location: 2F 3-2: Fly out, F7 (Flyball, 7D, EV 102.5 MPH) Runner from 3rd tags up, SCORES, no throw by LF
|
|
Batting: RHB Preston Deakyne
|
0-0: Called Strike 0-1: Ball 1-1: Swinging Strike 1-2: Foul Ball, location: 2F 1-2: Strikes out swinging
|
|
Batting: RHB Alain Delhaye
|
0-0: Ball 1-0: Called Strike 1-1: SINGLE (Groundball, 6MD, EV 98.8 MPH) Nick Dunn to second
|
|
Batting: RHB Ruben Velasco
|
0-0: Called Strike 0-1: Ball 1-1: Ground out 2-3 (Groundball, 2L, EV 68.8 MPH)
|
| Bottom of the 9th over - 1 run, 3 hits, 0 errors, 2 left on base; Houston 7 - California 1 |
|